 Dungeon Crawl Stone Soup version 0.22-a0-785-g6253c82ace (webtiles) character file.

16 Htamos the Ducker (level 2, 0/14 HPs)
             Began as a Felid Monk on July 20, 2018.
             Slain by an adder (4 damage)
             ... on level 2 of the Dungeon.
             The game lasted 00:01:00 (970 turns).

Htamos the Ducker (Felid Monk)                       Turns: 970, Time: 00:01:01

Health: 0/14       AC:  1    Str:  5 (7)  XL:     2   Next: 37%
Magic:  3/3        EV: 19    Int: 15 (16) God:
Gold:   75         SH:  0    Dex: 15 (18) Spells: 1/1 levels left
                                        Lives:  0   Deaths: 0

rFire    . . .     SeeInvis +     - Unarmed
rCold    . . .     Gourm    .   (shield unavailable)
rNeg     . . .     Faith    .   (armour unavailable)
rPois    .         Spirit   .   (helmet unavailable)
rElec    .         Reflect  .   (cloak unavailable)
rCorr    .         Harm     .   (gloves unavailable)
MR       .....                  (boots unavailable)
Stlth    +.........             (no amulet)
HPRegen  0.04/turn              (no ring)
MPRegen  0.08/turn              (no ring)

@: confused, brilliant, lethally poisoned (0 -> -12), quick
A: very small, no armour, no weapons or thrown items, stealth, claws 1, fangs 3,
see invisible, carnivore, speed 1, shaggy fur 1, slow metabolism 1, sharp paws
a: no special abilities


You were on level 2 of the Dungeon.
You were not hungry.

You visited 1 branch of the dungeon, and saw 2 of its levels.

You collected 75 gold pieces.

Inventory:

Scrolls
 b - 2 scrolls of magic mapping {unknown}
 e - a scroll of noise {unknown}
Potions
 c - a potion of haste {unknown}
 g - 2 potions of degeneration
Comestibles
 a - 3 rations


   Skills:
 * Level 3.4 Fighting
 + Level 4.3 Dodging
 - Level 2.6 Stealth
 + Level 3.2 Unarmed Combat


You had one spell level left.
You didn't know any spells.
Your spell library was empty.

Dungeon Overview and Level Annotations

Branches:
Dungeon (2/15)

Altars:


Innate Abilities, Weirdness & Mutations

You cannot wear armour.
You are incapable of wielding weapons or throwing items.
Your paws allow you to move quietly. (Stealth)
You have sharp claws.
You have razor-sharp teeth.
You have supernaturally acute eyesight. (SInv)
You are carnivorous and can eat meat at any time.
You cover ground quickly.
You are covered in fur. (AC +1)
You have a slow metabolism.
Your sharp claws are effective at attacking unaware monsters.


Message History

You feel sick. The adder bites you.
* * * LOW HITPOINT WARNING * * *
You closely miss the adder.
The adder is moderately wounded.
The adder closely misses you. The adder barely misses you.
It was a potion of degeneration.
There was something very wrong with that liquid.
You feel weakened.
You feel dopey.
You feel clumsy. The adder barely misses you.
It was a potion of ambrosia.
You are confused.
You feel invigorated. The adder bites you.
* * * LOW HITPOINT WARNING * * *
You are more poisoned.
The adder poisons you!
It was a potion of brilliance.
You feel clever all of a sudden.
* * * LOW HITPOINT WARNING * * *
You feel sick. The adder misses you. The adder bites you.
You die...

#.#### ## #!... ....#
...###... #...# ..
.....# #...#
###.##.%.#######...###
.....................
.........#######...####.
###....†....####........
#...........S@..#
#.........####.<#
...#....##.......#
............####.##
.........#### #.#
###...... ... ##.#...
..#. #.#### #. . ##


You could see an adder.

Vanquished Creatures
  A dart slug (D:2)
  2 bats (D:2)
  A giant cockroach (D:2)
  A goblin (D:1)
  A hobgoblin (D:2)
  3 jackals (D:1)
  A kobold (D:1)
  3 rats
13 creatures vanquished.

Notes
Turn   | Place    | Note
-------+----------+-------------------------------------------
     0 | D:1      | Htamos the Felid Monk began the quest for the Orb.
     0 | D:1      | Reached XP level 1. HP: 10/10 MP: 2/2
   755 | D:2      | Reached XP level 2. HP: 14/14 MP: 3/3
   970 | D:2      | Slain by an adder

Vault maps used:
D:1:      dpeg_arrival_tiny_a

Action                   || total
-------------------------++-------
Melee: Unarmed           ||    44
       Bite              ||     4
       Punch             ||     1
  Use: Potion            ||     3
  Eat: Chunk             ||     2
Armor: Skin              ||     1
Dodge: Dodged            ||    39

Table legend:
 A = Spawn XP
 B = Non-spawn XP
 C = Spawn XP percentage of total XP
 D = Spawn monster count
 E = Non-spawn monster count
 F = Spawn count percentage of total count
 G = Total turns spent on level
                    A         B        C        D         E        F      G
               +---------+---------+-------+---------+---------+-------+---------
         Total |       0 |      23 |   0.0 |       0 |      13 |   0.0 |   970
               +---------+---------+-------+---------+---------+-------+---------
           D:1 |       0 |      10 |   0.0 |       0 |       6 |   0.0 |   886
           D:2 |       0 |      13 |   0.0 |       0 |       7 |   0.0 |    84
               +---------+---------+-------+---------+---------+-------+---------
